 Dungeon Crawl Stone Soup version 0.22-a0-197-g4ac3794 (webtiles) character file.

4037 Gorglomux the Grappler (level 10, -7/88 HPs)
             Began as a Troll Monk on Feb 18, 2018.
             Was a Believer of Dithmenos.
             Mangled by a hornet (10 damage)
             ... while paralysed by a hornet
             ... on level 9 of the Dungeon.
             The game lasted 00:06:49 (7090 turns).

Gorglomux the Grappler (Troll Monk)                 Turns: 7090, Time: 00:06:50

Health: -7/88      AC:  5    Str: 24    XL:     10   Next: 4%
Magic:  9/9        EV:  1    Int:  6    God:    Dithmenos [**....]
Gold:   275        SH:  0    Dex: 12    Spells: 9/9 levels left

rFire    . . .     SeeInvis .     - Unarmed
rCold    . . .     Gourm    +   Y - +0 shield
rNeg     . . .     Faith    .   h - +0 robe
rPois    .         Spirit   .   (helmet restricted)
rElec    .         Reflect  .   N - scarf {repulsion}
rCorr    .         Harm     .   (gloves unavailable)
MR       +....                  (boots unavailable)
Stlth    ++........             (no amulet)
HPRegen  0.64/turn              m - ring of protection from magic
MPRegen  0.11/turn              (no ring)

@: paralysed, slowed, wreathed by umbra, repel missiles
A: large, unfitting armour, claws 3, fast metabolism 3, gourmand, regeneration
1, shaggy fur 1, tough skin 2
a: Shadow Step, Renounce Religion


You were on level 9 of the Dungeon.
You worshipped Dithmenos.
Dithmenos was pleased with you.
You were full.

You visited 2 branches of the dungeon, and saw 10 of its levels.

You collected 275 gold pieces.

Inventory:

Missiles
 Z - 5 throwing nets (quivered)
Armour
 h - a +0 robe (worn)
 N - a scarf of repulsion (worn)
 Y - a +0 shield (worn)
Jewellery
 l - an uncursed ring of flight
 m - a ring of protection from magic (left claw)
 D - an uncursed ring of stealth {unknown}
 O - a cursed ring of teleportation {unknown}
Wands
 F - a wand of random effects (9)
Scrolls
 d - a scroll of enchant weapon {unknown}
 e - 5 scrolls of remove curse
 k - 8 scrolls of amnesia
 C - 2 scrolls of random uselessness {unknown}
 H - 2 scrolls of magic mapping {unknown}
 I - a scroll of enchant armour {unknown}
 J - 2 scrolls of immolation {unknown}
 K - a scroll of blinking {unknown}
 L - a scroll of fear {unknown}
 R - 3 scrolls of identify
 T - 5 scrolls of teleportation
Potions
 E - a potion of mutation {unknown}
 M - a potion of brilliance
 Q - 2 potions of curing
 S - 2 potions of agility
 U - 2 potions of haste
 W - a potion of heal wounds
 X - a potion of flight
Books
 G - a book of Minor Magic

   Spells                             Type                      Level
   a - Magic Dart                     Conjuration                  1
   b - Blink                          Translocation                2
   c - Call Imp                       Summoning                    2
   d - Slow                           Hexes                        2
   e - Conjure Flame                  Conjuration/Fire             3
   f - Mephitic Cloud                 Conjuration/Poison/Air       3
 V - the Volume of the Igneous Mountains
   (You found it on level 4 of the Dungeon)

   Spells                             Type                      Level
   a - Sandblast                      Earth                        1
   b - Stone Arrow                    Conjuration/Earth            3
   c - Ignite Poison                  Fire/Transmutation/Poison    3
   d - Petrify                        Transmutation/Earth          4
   e - Shatter                        Earth                        9
Comestibles
 b - 17 rations


   Skills:
 - Level 2.4 Fighting
 - Level 2.4 Dodging
 - Level 1.0 Stealth
 + Level 6.1 Shields
 + Level 12.4 Unarmed Combat


You had 9 spell levels left.
You didn't know any spells.

Dungeon Overview and Level Annotations

Branches:
Dungeon (9/15)             Temple (1/1) D:4
   Lair: D:8-11         Orc: D:9-12

Altars:
Ashenzari
Cheibriados
Dithmenos
Elyvilon
Fedhas
Gozag
Hepliaklqana
Kikubaaqudgha
Makhleb
Nemelex Xobeh
Okawaru
Qazlal
Ru
Sif Muna
Trog
Vehumet
Wu Jian
Xom
Yredelemnul
Zin
The Shining One


Innate Abilities, Weirdness & Mutations

You are too large for most types of armour.
You have claws for hands.
Your metabolism is lightning-fast.
You like to eat raw meat.
Your natural rate of healing is unusually fast.
You are covered in fur. (AC +1)
You have very tough skin. (AC +2)


Message History

* * * don't die
* * * The hornet closely misses you!
The gnoll butt hits butt from afar with a trident! * * * don't die
* * * The gnoll closely misses you!
The gnoll hits you but does no damage!
The hornet stings you!!! * * * don't die
* * * You feel as though you will be slow longer!
Unknown butt!
You feel much better! The hornet stings you! * * * don't die
* * * You butt-ly lose the butt to move!!!
The butt sergeant hits you from afar with a trident!!! * * * don't butt
* * * The gnoll hits you from afar with a halberd!!! * * * don't die
* * * The gnoll hits you with a club!!! * * * don't die
* * * The hornet stings you!!! rip

#..
..###..#.......#
..
...............#
...
................#
...............#
..######.......#
#..g##### #.gg#
#.gy# #..@# #...#
#...# #...# #...#
#...# ##..#
#..### #....#


You could see a hornet, a gnoll sergeant and 3 gnolls.

Vanquished Creatures
  Joseph (D:7)
  A troll (D:7)
  A hippogriff (D:7)
  Grinder (D:3)
  2 black bears
  An ice beast (D:7)
  5 ogres
  3 sky beasts
  A crocodile (D:7)
  4 bullfrogs
  A wyvern zombie (D:6)
  A wyvern skeleton (D:8)
  A scorpion (D:6)
  4 killer bees (D:8)
  5 electric eels (D:8)
  A howler monkey (D:8)
  10 crimson imps
  A bullfrog zombie (D:8)
  A jelly (D:7)
  A hound (D:8)
  A gnoll shaman (D:4)
  4 orc priests
  2 centaur skeletons
  An iguana (D:8)
  3 orc wizards
  5 worker ants
  A hound skeleton (D:6)
  13 gnolls
  A worker ant zombie (D:8)
  12 adders
  A shadow imp (D:5)
  3 oozes
  2 adder skeletons
  2 worms
  A dart slug (D:2)
  9 leopard geckos
  28 orcs
  2 ball pythons
  6 bats
  6 giant cockroaches
  12 goblins
  5 hobgoblins
  12 jackals
  11 kobolds
  3 quokkas
  5 frilled lizards
  6 rats
  A plant (D:8)
204 creatures vanquished.

Notes
Turn   | Place    | Note
-------+----------+-------------------------------------------
     0 | D:1      | Gorglomux the Troll Monk began the quest for the Orb.
     0 | D:1      | Reached XP level 1. HP: 22/22 MP: 0/0
    98 | D:1      | Reached XP level 2. HP: 25/29 MP: 1/1
   232 | D:1      | Reached skill level 4 in Unarmed Combat
   235 | D:1      | Reached XP level 3. HP: 31/36 MP: 2/2
   730 | D:2      | Reached XP level 4. HP: 41/44 MP: 3/3
   737 | D:2      | Found a white marble altar of Elyvilon.
   751 | D:2      | Reached skill level 5 in Unarmed Combat
   823 | D:2      | Noticed a water elemental
   828 | D:2      | Noticed an air elemental
   835 | D:2      | Found a stormy altar of Qazlal.
   849 | D:2      | Noticed an earth elemental
   849 | D:2      | Noticed a fire elemental
  1232 | D:3      | Found an opulent altar of Gozag.
  1282 | D:3      | Reached XP level 5. HP: 50/50 MP: 4/4
  1431 | D:3      | Noticed Grinder
  1437 | D:3      | Killed Grinder
  1437 | D:3      | Reached skill level 7 in Unarmed Combat
  1437 | D:3      | Reached XP level 6. HP: 46/59 MP: 5/5
  1485 | D:3      | Found a deep blue altar of Sif Muna.
  1563 | D:3      | Found a glowing silver altar of Zin.
  1827 | D:4      | Reached skill level 8 in Unarmed Combat
  1863 | D:4      | Identified the Volume of the Igneous Mountains
  1945 | D:4      | Reached XP level 7. HP: 56/66 MP: 6/6
  2169 | D:4      | Found a staircase to the Ecumenical Temple.
  2184 | Temple   | Entered the Ecumenical Temple
  2849 | D:5      | Entered Level 5 of the Dungeon
  2871 | D:5      | Reached skill level 9 in Unarmed Combat
  3636 | D:5      | Found an opulent altar of Gozag.
  3895 | D:5      | Reached XP level 8. HP: 74/74 MP: 7/7
  4055 | D:6      | Reached skill level 10 in Unarmed Combat
  4281 | D:6      | Reached skill level 1 in Shields
  4790 | D:7      | Noticed a troll
  4796 | D:7      | Killed a troll
  4796 | D:7      | Reached skill level 3 in Shields
  4796 | D:7      | Reached skill level 11 in Unarmed Combat
  4878 | D:7      | Found a shattered altar of Ashenzari.
  4926 | D:7      | Reached XP level 9. HP: 61/80 MP: 8/8
  4953 | D:7      | Noticed Joseph
  5017 | D:7      | Killed Joseph
  5229 | D:7      | Found a snail-covered altar of Cheibriados.
  5631 | D:7      | Found a glowing golden altar of the Shining One.
  5732 | D:8      | Reached skill level 12 in Unarmed Combat
  6191 | D:8      | Found a burning altar of Makhleb.
  6192 | D:8      | Found a radiant altar of Vehumet.
  6431 | D:8      | Reached skill level 6 in Shields
  6451 | D:8      | Reached XP level 10. HP: 62/88 MP: 9/9
  7041 | D:9      | Found a shadowy altar of Dithmenos.
  7063 | D:9      | Became a worshipper of Dithmenos the Shadowed
  7063 | D:9      | Reached * piety under Dithmenos
  7063 | D:9      | Reached ** piety under Dithmenos
  7085 | D:9      | Paralysed by a hornet for 1 turns
  7087 | D:9      | HP: 2/88 [gnoll sergeant/trident (6)]
  7090 | D:9      | Paralysed by a hornet for 2 turns
  7090 | D:9      | Mangled by a hornet

Vault maps used:
D:1:      onia_arrival_larder
D:2:      nicolae_qazlal_style_of_elements, first_ration, elyvilon_altar_3
D:3:      nicolae_overflow_crystal_walls, old_standard_altar,
          lemuel_doored_altar, uniq_grinder
D:4:      minmay_temple_entry_glassed_door
D:5:      basic_altar
D:6:      eino_small_chamber_without_monster
D:7:      marbit_many_paths, tso_metal_star, old_standard_altar, uniq_joseph
D:8:      grunt_temple_overflow_lords_of_destruction, serial_bayou,
          serial_bayou_pond_b, serial_bayou_pond_b, serial_bayou_lagoon_a,
          serial_bayou_pond_c
D:9:      dancing_weapons_uskayaw, nicolae_dithmenos_shadow_blocks, basic_altar,
          serial_shops, nicolae_shop_trees
Temple:   minmay_temple_curvy_loop

Skill      XL: |  1  2  3  4  5  6  7  8  9 |
---------------+----------------------------+-----
Unarmed Combat | 4 5 7 8 9 11 12 | 12.4
Shields        | 3 6 |  6.1
Fighting       | |  2.4
Dodging        | |  2.4
Stealth        | |  1.0

Action                   |  1- 3 |  4- 6 |  7- 9 | 10-12 || total
-------------------------+-------+-------+-------+-------++-------
Melee: Unarmed           |    68 |   120 |   420 |    25 ||   633
       Punch             |     2 |     5 |     1 |       ||     8
Evoke: Wand              |       |       |    10 |     5 ||    15
  Use: Scroll            |       |       |    13 |       ||    13
       Potion            |       |       |     1 |     3 ||     4
 Stab: Sleeping          |     5 |     1 |     4 |       ||    10
       Distracted        |       |     1 |       |       ||     1
  Eat: Chunk             |    11 |    12 |    42 |     2 ||    67
Armor: Robe              |    13 |    37 |    71 |     8 ||   129
       Skin              |       |       |    21 |       ||    21
Dodge: Dodged            |    36 |    62 |   101 |    12 ||   211
       Deflected         |       |       |       |     1 ||     1
Block: Shield            |       |       |   127 |    16 ||   143

Table legend:
 A = Spawn XP
 B = Non-spawn XP
 C = Spawn XP percentage of total XP
 D = Spawn monster count
 E = Non-spawn monster count
 F = Spawn count percentage of total count
 G = Total turns spent on level
                    A         B        C        D         E        F      G
               +---------+---------+-------+---------+---------+-------+---------
         Total |       0 |    5768 |   0.0 |       0 |     203 |   0.0 |  7090
               +---------+---------+-------+---------+---------+-------+---------
           D:1 |       0 |      79 |   0.0 |       0 |      32 |   0.0 |   708
           D:2 |       0 |      79 |   0.0 |       0 |      20 |   0.0 |   459
           D:3 |       0 |     333 |   0.0 |       0 |      20 |   0.0 |   687
           D:4 |       0 |     529 |   0.0 |       0 |      26 |   0.0 |   780
           D:5 |       0 |     448 |   0.0 |       0 |      28 |   0.0 |  1191
           D:6 |       0 |     802 |   0.0 |       0 |      19 |   0.0 |   733
           D:7 |       0 |    2123 |   0.0 |       0 |      25 |   0.0 |   948
           D:8 |       0 |    1361 |   0.0 |       0 |      32 |   0.0 |  1284
           D:9 |       0 |      14 |   0.0 |       0 |       1 |   0.0 |    85
               +---------+---------+-------+---------+---------+-------+---------
